 Dungeon Crawl Stone Soup version 0.25-a0-317-g5f8687bca5 (webtiles) character file.

Game seed: 12257339938268846814, levelgen mode: deterministic

70 D1HalberdGnoll the Sneak (level 4, -3/23 HPs)
             Began as a Vine Stalker Assassin on Dec 26, 2019.
             Killed from afar by an orc wizard (5 damage)
             ... with a magic dart
             ... on level 2 of the Dungeon.
             The game lasted 00:02:15 (1739 turns).

D1HalberdGnoll the Sneak (Vine Stalker Assassin)    Turns: 1739, Time: 00:02:17

Health: -3/23      AC:  3    Str: 11 (14) XL:     4   Next: 22%
Magic:  0/5        EV: 11    Int:  9 (11) God:
Gold:   52         SH:  0    Dex: 15 (16) Spells: 3/3 levels left

rFire    . . .     SeeInvis .   a - +2 dagger
rCold    . . .     Gourm    .   (no shield)
rNeg     . . .     Faith    .   b - +0 robe
rPois    .         Spirit   +   (no helmet)
rElec    .         Reflect  .   c - +0 cloak
rCorr    .         Harm     .   (no gloves)
MR       .....                  (no boots)
Stlth    +++.......             (no amulet)
HPRegen  0.47/turn              (no ring)
MPRegen  0.09/turn              (no ring)

@: no status effects
A: fangs 2, regeneration 1, magic shield, antimagic bite, no potion heal 3, rot
immunity
a: no special abilities


You were on level 2 of the Dungeon.
You were hungry.

You visited 1 branch of the dungeon, and saw 2 of its levels.

You collected 52 gold pieces.

Inventory:

Hand Weapons
 a - a +2 dagger (weapon)
Missiles
 d - 20 poisoned darts (quivered)
 e - 2 curare-tipped darts
Armour
 b - a +0 robe (worn)
 c - a +0 cloak (worn)
Jewellery
 m - an uncursed ring of see invisible {unknown}
Scrolls
 g - a scroll of identify {unknown}
 i - a scroll of fog {unknown}
 n - a scroll of immolation {unknown}
 o - 2 scrolls of teleportation {unknown}
 p - a scroll of noise {unknown}
Potions
 h - a potion of curing
 l - a potion of degeneration
Comestibles
 f - 6 rations
 j - 3 chunks of flesh


   Skills:
 + Level 2.6 Fighting
 + Level 2.6 Short Blades
 - Level 1.7 Throwing
 - Level 0.7 Dodging
 + Level 5.7 Stealth


You had 3 spell levels left.
You didn't know any spells.
Your spell library was empty.

Dungeon Overview and Level Annotations

Branches:
Dungeon (2/15)

Altars:


Innate Abilities, Weirdness & Mutations

You have extremely sharp teeth.
Your natural rate of healing is unusually fast.
When hurt, damage is shared between your health and your magic reserves.
Your bite disrupts and absorbs the magic of your enemies.
Potions cannot restore your health.
You are immune to rotting.


Message History

The orc wizard mumbles some strange words.
The orc wizard blinks!
Something hits you.
* * * LOW HITPOINT WARNING * * *
The orc closely misses you.
You hit the orc.
You kill the orc!
Something hits you but does no damage.
The orc wizard falters for a moment.
You see here a poisoned dart.
Throwing (i - inventory. (/) - cycle)
d - 21 poisoned darts (quivered)
Press: ? - help, Shift-Dir - straight line, f/p - orc wizard
Aim: an orc wizard, wielding a +0 dagger and wearing a +0 robe (heavily wounded, fast)
You throw a poisoned dart.
The poisoned dart closely misses the orc wizard.
The orc wizard hits you with a +0 dagger.
* * * LOW HITPOINT WARNING * * *
Something hits you but does no damage.
The orc wizard points at you and mumbles some strange words.
The magic dart hits you.
You die...

#..........#..........
#..........#.###......
#..........#..##......
#.....####............
......# #........####
###...#####(.......#
######............#
#......)..........####
#(..o@...............#
#............##......#
#............##......#
#............##......#
#......##....##......#
#......##....##......#
#......########......#
######## #......#
####'###


You could see an orc wizard.

Vanquished Creatures
  An adder (D:2)
  An ooze (D:1)
  3 worms (D:2)
  4 dart slugs
  A leopard gecko (D:1)
  An orc (D:2)
  A ball python (D:1)
  2 giant cockroaches
  4 hobgoblins
  5 bats
  4 frilled lizards
  2 goblins (D:1)
  7 kobolds
  6 rats
42 creatures vanquished.

Notes
Turn   | Place    | Note
-------+----------+-------------------------------------------
     0 | D:1      | D1HalberdGnoll the Vine Stalker Assassin began the quest
                  | for the Orb.
     0 | D:1      | Reached XP level 1. HP: 11/11 MP: 2/2
    79 | D:1      | Reached skill level 5 in Stealth
    96 | D:1      | Reached XP level 2. HP: 14/15 MP: 3/3
   654 | D:1      | Reached XP level 3. HP: 18/18 MP: 4/4
  1548 | D:2      | Gained mutation: Your natural rate of healing is unusually
                  | fast. [Vine Stalker growth]
  1548 | D:2      | Reached XP level 4. HP: 18/23 MP: 5/5
  1739 | D:2      | Killed from afar by an orc wizard

Levels and vault maps discovered:
D:1:      dpeg_arrival_castle, layout_loops_corners
D:2:      layout_basic, first_ration, uniq_crazy_yiuf_cottage

Skill      XL: |  1 |
---------------+----+-----
Short Blades   | 2 |  2.6
Stealth        | 5 |  5.7
Fighting       | 2 |  2.6
Throwing       | |  1.7
Dodging        | |  0.7

Action                   |  1- 3 |  4- 6 || total
-------------------------+-------+-------++-------
Melee: Dagger            |    97 |    19 ||   116
       Bite              |    28 |     7 ||    35
Throw: Dart              |    20 |     6 ||    26
  Use: Potion            |       |     3 ||     3
 Stab: Sleeping          |    14 |       ||    14
  Eat: Chunk             |     2 |       ||     2
Armor: Robe              |    17 |     2 ||    19
Dodge: Dodged            |    33 |    17 ||    50

Table legend:
 A = Non-vault XP
 B = Vault XP
 C = Vault XP percentage of total XP
 D = Non-vault monster count
 E = Vault monster count
 F = Vault count percentage of total count
                 A         B        C        D         E       F
            +---------+---------+-------+---------+---------+-------
      Total |     101 |       0 |   0.0 |      42 |       0 |   0.0
            +---------+---------+-------+---------+---------+-------
        D:1 |      44 |       0 |   0.0 |      23 |       0 |   0.0
        D:2 |      57 |       0 |   0.0 |      19 |       0 |   0.0
            +---------+---------+-------+---------+---------+-------
